 Dungeon Crawl Stone Soup version 0.28-a0-1555-g9ae15a6949 (webtiles) character file.

Game seed: 18383738370257667435

12665 Hasart the Slicer (level 12, 0/64 HPs)
             Began as a Kobold Enchanter on Jan 18, 2022.
             Was a Follower of Dithmenos.
             Slain by a harpy simulacrum (2 damage)
             ... in an ice cave.
             The game lasted 00:33:40 (16102 turns).

Hasart the Slicer (Kobold Enchanter)               Turns: 16102, Time: 00:33:42

Health: 0/64       AC: 14    Str:  5    XL:     12   Next: 23%
Magic:  22/22      EV: 18    Int: 21    God:    Dithmenos [*.....]
Gold:   124        SH:  0    Dex: 16    Spells: 18/25 levels left

rFire   + . .      SeeInvis +   G - +4 rapier (elec)
rCold   + . .      Faith    .   (no shield)
rNeg    . . .      Spirit   .   I - +3 leather armour {rPois}
rPois   +          Reflect  .   L - +2 hat {SInv}
rElec   .          Harm     .   P - scarf {rC+ rF+}
rCorr   .          Rampage  .   d - +1 pair of gloves
Will    +....                   (no boots)
Stlth   ++++++....              v - amulet of regeneration
HPRegen 1.00/turn               o - ring of willpower
MPRegen 0.18/turn               M - +4 ring of protection

@: wreathed by umbra, invisible
A: small, no large weapons, nightstalker 3
a: Renounce Religion


You were in an ice cave.
You worshipped Dithmenos.
Dithmenos was aware of your devotion.
You visited 3 branches of the dungeon, and saw 13 of its levels.
You also visited: Sewer, Bailey and Ice Cave.

You collected 804 gold pieces.
You spent 680 gold pieces at shops.

Inventory:

Hand Weapons
 q - a +4 rapier
 G - a +4 rapier of electrocution (weapon)
Missiles
 s - 18 poisoned darts
 y - 6 boomerangs (quivered)
 C - a throwing net
Armour
 d - a +1 pair of gloves (worn)
 D - the +0 helmet of Compassion {rElec Will- Int+4}
   (You acquired it on level 7 of the Dungeon)

   Int:       It affects your intelligence (+4).
   rElec:     It insulates you from electricity.
   Will:      It decreases your willpower.
 I - a +3 leather armour of poison resistance (worn)
 L - a +2 hat of see invisible (worn)
 P - a scarf of resistance (worn)
 Q - a +0 buckler
Jewellery
 i - an amulet of reflection
 m - a ring of flight
 o - a ring of willpower (left hand)
 v - an amulet of regeneration (around neck)
 M - a +4 ring of protection (right hand)
Wands
 g - a wand of flame (36)
 r - a wand of paralysis (3)
 x - a wand of iceblast (1)
 z - a wand of polymorph (11)
 K - a wand of charming (4)
 N - a wand of digging (4)
Scrolls
 b - 2 scrolls of fog
 e - 18 scrolls of identify
 h - 4 scrolls of teleportation
 u - 3 scrolls of fear
 w - a scroll of summoning
 A - a scroll of amnesia
 F - a scroll of enchant armour
 J - 3 scrolls of blinking
Potions
 a - a potion of brilliance {unknown}
 c - a potion of invisibility
 f - 6 potions of attraction
 j - 2 potions of berserk rage {unknown}
 k - a potion of cancellation {unknown}
 l - 2 potions of magic {unknown}
 n - 4 potions of haste {unknown}
 p - 5 potions of heal wounds {unknown}
 t - a potion of mutation {unknown}
 B - 5 potions of lignification {unknown}
 E - 5 potions of flight {unknown}
 H - a potion of experience
 O - 2 potions of resistance {unknown}


   Skills:
 + Level 2.5 Fighting
 * Level 12.6 Short Blades
 + Level 8.6 Dodging
 + Level 10.5 Stealth
 + Level 0.9 Shields
 + Level 7.0 Spellcasting
 + Level 7.3 Hexes
 + Level 3.2 Translocations
 - Level 5.0 Ice Magic
 + Level 6.6 Evocations


You had 18 spell levels left.
You knew the following spells:

 Your Spells              Type           Power      Damage    Failure   Level
a - Ensorcelled Hibernat  Hex/Ice        66%        N/A       1%          2
b - Confusing Touch       Hex            38%        N/A       2%          3
c - Blink                 Tloc           42%        N/A       6%          2

Your spell library contained the following spells:

 Spells                   Type           Power      Damage    Failure   Level
 Tukima's Dance           Hex            38%        N/A       2%          3
 Apportation              Tloc           42%        N/A       3%          1
 Ozocubu's Armour         Ice            28%        N/A       5%          3
 Dazzling Flash           Conj/Hex       44%        N/A       10%         3
 Summon Guardian Golem    Hex/Summ       22%        N/A       10%         3
 Gell's Gravitas          Tloc           21%        N/A       12%         3
 Lesser Beckoning         Tloc           21%        N/A       12%         3
 Teleport Other           Tloc           21%        N/A       12%         3
 Animate Skeleton         Necr           14%        N/A       14%         1
 Sandblast                Erth           14%        2d6       14%         1
 Summon Small Mammal      Summ           28%        N/A       14%         1
 Corpse Rot               Necr/Air       14%        N/A       22%         2
 Passwall                 Tmut/Erth      5%         N/A       22%         2
 Poisonous Vapours        Pois/Air       14%        N/A       22%         2
 Stone Arrow              Conj/Erth      14%        3d7       41%         3
 Animate Armour           Summ/Erth      14%        N/A       82%         4
 Conjure Ball Lightning   Conj/Air       3%         3x3d6     100%        6
 Malign Gateway           Summ/Tloc      7%         N/A       100%        7
 Ozocubu's Refrigeration  Ice            14%        4d7       100%        7
 Dragon's Call            Summ           3%         N/A       100%        9


Dungeon Overview and Level Annotations

Branches:
Dungeon (11/15)            Temple (1/1) D:5            Lair (0/6) D:9
    Orc (1/2) D:11          Sewer (visited)          Bailey (visited)
  IceCv (1/1)

Altars:
Ashenzari
Cheibriados
Dithmenos
Elyvilon
Fedhas
Gozag
Hepliaklqana
Kikubaaqudgha
Makhleb
Nemelex Xobeh
Okawaru
Qazlal
Ru
Sif Muna
Trog
Uskayaw
Vehumet
Wu Jian
Xom
Yredelemnul
Zin
The Shining One

Shops:
D:8 *   D:9 *

Portals:
Trove: D:10 (give 8 scrolls of fear)

Annotations:
D:6 1 runed translucent door, benappo's ghost, novice DjCj


Innate Abilities, Weirdness & Mutations

You are small and have problems with some larger weapons.
You are completely attuned to the shadows.


Message History

The harpy simulacrum vaporises!
Dithmenos accepts your kill.
Really walk into that cloud of freezing vapour?
Okay, then.
You start resting.
HP restored.
A harpy simulacrum comes into view.
The harpy simulacrum claws you. The harpy simulacrum freezes you! You resist.
The harpy simulacrum misses you. The harpy simulacrum barely misses you.
The harpy simulacrum claws you but does no damage.
The harpy simulacrum completely misses you.
The harpy simulacrum claws you! The harpy simulacrum freezes you! You resist.
The harpy simulacrum completely misses you.
The harpy simulacrum misses you.
The harpy simulacrum completely misses you.
The harpy simulacrum barely misses you. The harpy simulacrum claws you.
The harpy simulacrum freezes you. You resist.
The harpy simulacrum completely misses you.
The harpy simulacrum claws you but does no damage.
The harpy simulacrum claws you. The harpy simulacrum freezes you! You resist.
* * * LOW HITPOINT WARNING * * *
The harpy simulacrum completely misses you. x2
There is an open door here.
The harpy simulacrum barely misses you.
The harpy simulacrum completely misses you.
The harpy simulacrum claws you but does no damage.
The harpy simulacrum barely misses you. The harpy simulacrum claws you.
* * * LOW HITPOINT WARNING * * *
The harpy simulacrum freezes you. You resist.
* * * LOW HITPOINT WARNING * * *
The harpy simulacrum claws you but does no damage.
You fade into invisibility!
The harpy simulacrum completely misses you.
The harpy simulacrum misses you. x2; The harpy simulacrum claws you.
* * * LOW HITPOINT WARNING * * *
The harpy simulacrum freezes you. You resist.
* * * LOW HITPOINT WARNING * * *
The harpy simulacrum claws you.
You die...

####### #.....###
........# ###
.......#### #.#
.......#.⌠# ###Z#+#.#
.......#4)+ #.'Z@....
.......########.8.8.8
.........#...........
...⌠.....'...........
.........#...........
.......########.8.8.
.......#4(+ #.'.....
.......#.⌠# ###+#+#.
.......####


You could see 2 harpy simulacra.

Vanquished Creatures
  A two-headed ogre (D:11)
  An orc high priest (Bailey)
  An orc knight (Bailey)
  An orc sorcerer (Bailey)
  A cyclops (D:11)
  5 centaur zombies
  2 ice statues (IceCv)
  2 ice devils (IceCv)
  3 hornets
  Grinder (D:3)
  Sigmund (D:2)
  A shadow (D:11)
  A wraith (D:10)
  A vampire (D:11)
  6 yaks
  3 wyverns (D:9)
  4 steam dragons
  A harpy simulacrum (IceCv)
  A water moccasin (D:7)
  13 orc warriors
  An ice beast (D:7)
  Pargi (Sewer)
  2 sky beasts (D:8)
  A black bear (D:7)
  2 necrophages
  6 centaurs
  An ogre (D:5)
  A phantom (D:5)
  2 kobold brigands
  2 scorpions
  3 two-headed ogre simulacra
  2 cane toad simulacra
  A water moccasin skeleton (D:4)
  6 killer bees (D:8)
  An elephant simulacrum (Orc:1)
  9 wights (D:8)
  6 electric eels
  2 howler monkeys (D:7)
  4 jellies
  2 hounds
  A gnoll shaman (D:8)
  2 orc priests
  2 bullfrog skeletons
  8 orc wizards
  3 troll simulacra
  3 wolf simulacra
  A spriggan simulacrum (Orc:1)
  5 adders
  5 gnolls
  2 white imps
  2 ufetubi
  An adder skeleton (D:4)
  2 worms
  A dart slug (D:1)
  43 orcs
  7 bats
  15 endoplasms
  2 giant cockroaches
  18 goblins
  13 hobgoblins
  4 jackals
  4 quokkas
  9 ball pythons
  4 frilled lizards
  23 kobolds
  5 rats
290 creatures vanquished.

Vanquished Creatures (others)
  9 fungi (D:3)
  5 toadstools (D:3)
14 creatures vanquished.

Grand Total: 304 creatures vanquished

Notes
Turn   | Place    | Note
-------+----------+-------------------------------------------
     0 | D:1      | Hasart the Kobold Enchanter began the quest for the Orb.
     0 | D:1      | Reached XP level 1. HP: 10/10 MP: 3/3
   201 | D:1      | Reached XP level 2. HP: 15/15 MP: 5/5
   212 | D:1      | Learned a level 2 spell: Ensorcelled Hibernation
   223 | D:1      | Reached skill level 2 in Short Blades
   514 | D:1      | Reached XP level 3. HP: 17/19 MP: 6/6
   972 | D:2      | Reached skill level 3 in Short Blades
  1001 | D:2      | Noticed Sigmund
  1017 | D:2      | Killed Sigmund
  1018 | D:2      | Reached skill level 4 in Short Blades
  1018 | D:2      | Reached skill level 5 in Stealth
  1018 | D:2      | Reached skill level 1 in Ice Magic
  1018 | D:2      | Reached XP level 4. HP: 3/24 MP: 3/8
  1018 | D:2      | Reached XP level 5. HP: 4/28 MP: 3/9
  1018 | D:2      | Reached XP level 6. HP: 5/32 MP: 3/10
  1360 | D:2      | Learned a level 3 spell: Confusing Touch
  2123 | D:3      | Found an ornate altar of the Wu Jian Council.
  2423 | D:3      | Found a faded altar of an unknown god.
  2750 | D:3      | Noticed Grinder
  2768 | D:3      | Killed Grinder
  2769 | D:3      | Reached skill level 5 in Short Blades
  2769 | D:3      | Reached XP level 7. HP: 7/36 MP: 10/12
  3856 | D:4      | You are sucked into a shaft and drop 2 floors!
  3950 | D:6      | Found a runed translucent door.
  3951 | D:6      | Noticed benappo's ghost (novice DjCj)
  4056 | D:6      | Reached skill level 6 in Short Blades
  4056 | D:6      | Reached XP level 8. HP: 40/41 MP: 13/13
  4146 | D:6      | Found a glowing drain.
  4153 | Sewer    | Entered a sewer
  4207 | Sewer    | Noticed Pargi
  4218 | Sewer    | Killed Pargi
  4326 | D:5      | Entered Level 5 of the Dungeon
  4540 | D:4      | Found an opulent altar of Gozag.
  4664 | D:4      | Found a basalt altar of Yredelemnul.
  4753 | D:4      | Reached skill level 7 in Short Blades
  4753 | D:4      | Reached skill level 5 in Dodging
  5300 | D:5      | Got the Incunabulum of the Cloudy Traveller
  5367 | D:5      | Found a staircase to the Ecumenical Temple.
  5392 | Temple   | Entered the Ecumenical Temple
  5946 | D:5      | Reached skill level 1 in Evocations
  6170 | D:5      | Reached XP level 9. HP: 40/45 MP: 15/15
  6767 | D:6      | Reached skill level 5 in Hexes
  6891 | D:6      | Reached skill level 8 in Short Blades
  7206 | D:6      | Found a snail-covered altar of Cheibriados.
  7709 | D:7      | Noticed a hornet
  7713 | D:7      | Killed a hornet
  8054 | D:7      | Reached skill level 5 in Spellcasting
  8151 | D:7      | Reached skill level 9 in Short Blades
  8552 | D:7      | Reached XP level 10. HP: 50/50 MP: 17/17
  8958 | D:7      | Identified a scroll of acquirement
  8958 | D:7      | Acquired the +0 helmet of Compassion {rElec Will- Int+4}
  9079 | D:8      | Found a flagged portal.
  9169 | Bailey   | Entered a bailey
 10590 | Bailey   | Noticed an orc high priest
 10641 | Bailey   | Noticed an orc sorcerer
 10645 | Bailey   | Noticed an orange demon
 10892 | Bailey   | Killed an orc sorcerer
 10893 | Bailey   | Reached skill level 10 in Short Blades
 10997 | Bailey   | Noticed an orc knight
 11019 | Bailey   | Killed an orc knight
 11020 | Bailey   | Reached skill level 5 in Ice Magic
 11025 | Bailey   | Noticed an ice devil
 11030 | Bailey   | Killed an orc high priest
 11031 | Bailey   | Reached skill level 5 in Evocations
 11059 | Bailey   | Found an iron altar of Okawaru.
 11384 | Bailey   | Reached XP level 11. HP: 20/54 MP: 19/19
 11620 | Bailey   | Learned a level 2 spell: Blink
 11908 | D:8      | Reached skill level 11 in Short Blades
 12052 | D:8      | Reached skill level 1 in Translocations
 12501 | D:8      | Found Qathritri's Assorted Antiques.
 12506 | D:8      | Bought an embroidered hat for 154 gold pieces
 12506 | D:8      | Bought a silver ring for 110 gold pieces
 12874 | D:9      | Found a white marble altar of Elyvilon.
 13168 | D:9      | Found a staircase to the Lair.
 13440 | D:9      | Found Ybbaemm's Neck Hole.
 13445 | D:9      | Bought a scarf of resistance for 416 gold pieces
 13814 | D:9      | Acquired the Guide on Summoning
 13841 | D:10     | Entered Level 10 of the Dungeon
 14061 | D:10     | Reached skill level 1 in Fighting
 14217 | D:10     | Reached skill level 10 in Stealth
 14441 | D:10     | Reached skill level 12 in Short Blades
 14576 | D:10     | Found a shadowy altar of Dithmenos.
 14580 | D:10     | Became a worshipper of Dithmenos the Shadowed
 14639 | D:10     | Found a portal to a secret trove of treasure.
 14724 | D:11     | Found a staircase to the Orcish Mines.
 14857 | D:11     | Noticed a two-headed ogre
 14866 | D:11     | Killed a two-headed ogre
 14880 | D:11     | Noticed a cyclops
 14890 | D:11     | Killed a cyclops
 14891 | D:11     | Reached XP level 12. HP: 37/62 MP: 22/22
 15299 | Orc:1    | Entered Level 1 of the Orcish Mines
 15354 | Orc:1    | Found a frozen archway.
 15464 | Orc:1    | Reached * piety under Dithmenos
 15505 | IceCv    | Entered an ice cave
 16102 | IceCv    | HP: 2/64 [harpy simulacrum (3)]
 16102 | IceCv    | Slain by a harpy simulacrum

Illustrated notes

Levels and vault maps discovered:
D:1:      minmay_arrival_split_and_join, layout_basic
D:2:      layout_basic, uniq_sigmund
D:3:      cheibrodos_fertilizer, layout_basic, nzn_wu_jian_contemplation,
          chequers_ecumenical_altar_island, minivault_11, st_stairs_3,
          uniq_grinder
D:4:      kennysheep_the_goblin_king, layout_gridville, lemuel_doored_altar,
          mainiacjoe_overflow_concentric_impassable, serial_glass,
          glass_columns_b, glass_columns_b, glass_columns_a, glass_columns_a,
          glass_columns_c, glass_columns_c, glass_columns_a, glass_columns_b,
          glass_columns_a, glass_columns_a, glass_columns_c, glass_columns_a,
          glass_columns_a, glass_columns_a
D:5:      layout_gridville, minmay_temple_entry_stoned_glass
D:6:      layout_basic, lemuel_coloured_pillars_altar, gammafunk_ghost_grave,
          portal_sewer_entry_b
D:7:      layout_basic, minmay_misc_feat_diagonals, supply_closet_lemuel
D:8:      layout_cave_pools, serial_shops, shop, enter_bailey_4,
          nicolae_water_bricks
D:9:      layout_irregular_city, elyvilon_altar_1, dpeg_oklobed_lair,
          nicolae_shop_sticking_my_neck_out
D:10:     layout_basic, kennysheep_mini, enter_trove_3, grunt_ministairs_8
D:11:     layout_loops_cross, david_orc_3
Temple:   eino_temple_rhombus
Orc:1:    layout_caves, portal_ice_cave_entry_ice_simulacra, basic_altar,
          uniq_erica, uniq_fannar
IceCv:    ice_cave_tombish

Skill      XL: |  1  2  3  4  5  6  7  8  9 10 11 12 |
---------------+-------------------------------------+-----
Short Blades   | 2 4 5 6 7 9 10 12 | 12.6
Dodging        | 3 4 5 6 7 8 |  8.6
Stealth        | 5 6 7 9 10 | 10.5
Spellcasting   | 3 4 5 6 7 |  7.0
Ice Magic      | 1 2 3 4 5 |  5.0
Hexes          | 4 5 6 7 |  7.3
Evocations     | 1 3 5 6 |  6.6
Translocations | 2 3 |  3.2
Fighting       | 2 |  2.5
Shields        | |  0.9

Action                   |  1- 3 |  4- 6 |  7- 9 | 10-12 || total
-------------------------+-------+-------+-------+-------++-------
Melee: Dagger            |    69 |    17 |       |       ||    86
       Punch             |     1 |     1 |     5 |    11 ||    18
       Short sword       |       |    62 |   252 |   110 ||   424
       Rapier            |       |    21 |       |   672 ||   693
Throw: Boomerang         |       |       |       |     9 ||     9
 Cast: Ensorcelled Hiber |    10 |     3 |       |    10 ||    23
       Confusing Touch   |       |       |       |     6 ||     6
Evoke: Wand              |       |       |       |     8 ||     8
  Use: Scroll            |       |       |    11 |     4 ||    15
       Potion            |       |       |       |     2 ||     2
 Stab: Sleeping          |    22 |    13 |    26 |    36 ||    97
       Invisible         |       |       |       |     4 ||     4
       Distracted        |       |       |       |     3 ||     3
       Confused          |       |       |       |     4 ||     4
Armor: Robe              |    14 |    17 |    12 |       ||    43
       Steam dragon scal |       |       |    20 |     9 ||    29
       Leather armour    |       |       |       |   121 ||   121
Dodge: Dodged            |    50 |    43 |   132 |   389 ||   614
Block: Other             |       |    14 |    41 |    51 ||   106
       Reflection        |       |       |     2 |       ||     2

Table legend: (Time is in decaauts)
 A = Elapsed time spent in this place.
 B = Non-inter-level travel time spent in this place.
 C = Inter-level travel time spent in this place.
 D = Time resting spent in this place.
 E = Time spent auto-exploring this place.
 F = Levels seen in this place.
 G = Mean time per level.
                   A        B        C        D        E       F      G
               +--------+--------+--------+--------+--------+-----+--------+
         Total |  15735 |  14965 |    770 |   2608 |   9384 |  16 |  983.4 |
       Dungeon |  11984 |  11225 |    759 |   1172 |   8089 |  11 | 1089.5 |
        Temple |    299 |    288 |     11 |      0 |    232 |   1 |  299.0 |
  Orcish Mines |    188 |    188 |      0 |     53 |     10 |   1 |  188.0 |
         Sewer |    141 |    141 |      0 |      0 |    112 |   1 |  141.0 |
        Bailey |   2638 |   2638 |      0 |   1227 |    931 |   1 | 2638.0 |
      Ice Cave |    483 |    483 |      0 |    156 |     10 |   1 |  483.0 |
               +--------+--------+--------+--------+--------+-----+--------+

Top non-repeatable levels by time:
  Bailey: 2638 daAuts
     D:3: 1907 daAuts
     D:6: 1569 daAuts
     D:7: 1453 daAuts
     D:5: 1247 daAuts
     D:9: 1224 daAuts
     D:8: 1124 daAuts
     D:2: 1082 daAuts
     D:1: 824 daAuts
    D:10: 686 daAuts
     D:4: 666 daAuts
   IceCv: 483 daAuts
  Temple: 299 daAuts
    D:11: 196 daAuts
   Orc:1: 188 daAuts
